 Dungeon Crawl Stone Soup version bcrawl-1.20.1-3-gdcb1fc31ed (webtiles) character file.

Game seed: 6999343780473745346

1628 KristoblXynda the Covert (level 8, -1/42 HPs)
             Began as a Spriggan Rogue on Jan 30, 2020.
             Was an Initiate of Ashenzari.
             Slain by an orc
             ... wielding a +0 morningstar
              (9 damage)
             ... on level 6 of the Dungeon.
             The game lasted 00:11:19 (6727 turns).

KristoblXynda the Covert (Spriggan Rogue)           Turns: 6727, Time: 00:11:19

Health: -1/42      AC:  4    Str:  7    XL:     8   Next: 65%
Magic:  14/14      EV: 19    Int: 15    God:    Ashenzari [......]
Gold:   498        SH:  0    Dex: 17    Spells: 7/7 levels left

rFire    . . .     SeeInvis +   v - +2 dagger (venom) (curse)
rCold    . . .     Gourm    .   (shield restricted)
rNeg     . . .     Faith    .   c - +0 robe
rPois    .         Spirit   .   (helmet restricted)
rElec    .         Reflect  .   d - +1 cloak
rCorr    +         Harm     .   (gloves unavailable)
MR       +....                  (boots unavailable)
Stlth    ++++......             (no amulet)
HPRegen  0.14/turn              x - ring of resist corrosion
MPRegen  0.14/turn              (no ring)

@: drained, very quick
A: very small, unfitting armour, see invisible, herbivore, speed 3, slow
metabolism 2
a: Curse Item, Renounce Religion


You were on level 6 of the Dungeon.
You worshipped Ashenzari.
Ashenzari was noncommittal.
You were hungry.

You visited 1 branch of the dungeon, and saw 6 of its levels.

You collected 498 gold pieces.

Inventory:

Hand Weapons
 a - a +2 dagger
 v - a cursed +2 dagger of venom (weapon)
 y - a +0 hunting sling
Missiles
 z - 439 sling bullets
Armour
 c - a +0 robe (worn)
 d - a +1 cloak (worn)
Jewellery
 x - a ring of resist corrosion (left hand)
 C - an uncursed ring of fire
Wands
 g - a wand of enslavement (15)
 l - a wand of polymorph (9)
 B - a wand of acid (4)
Scrolls
 b - 2 scrolls of remove curse
 j - a scroll of enchant armour
 m - a scroll of magic mapping
 q - a scroll of amnesia
 s - 4 scrolls of teleportation
Potions
 h - 3 potions of lignification {unknown}
 i - a potion of might {unknown}
 k - a potion of magic
 n - 4 potions of flight
 o - 3 potions of degeneration {unknown}
 p - 2 potions of berserk rage
 r - 2 potions of brilliance {unknown}
 t - 2 potions of agility {unknown}
 w - 2 potions of heal wounds
 A - a potion of haste
 D - a potion of cancellation {unknown}
Comestibles
 e - 8 rations {!d}


   Skills:
 + Level 4.7(3.8) Fighting
 - Level 6.0(5.1) Short Blades
 + Level 4.7(3.8) Dodging
 + Level 10.4(9.4) Stealth
 + Level 7.5(6.6) Evocations


You had 7 spell levels left.
You didn't know any spells.
Your spell library was empty.

Dungeon Overview and Level Annotations

Branches:
Dungeon (6/12)
 Temple: D:4-7

Altars:
Ashenzari
Dithmenos
Kikubaaqudgha
Lugonu
Makhleb
Trog
The Shining One

Shops:
D:4 *


Innate Abilities, Weirdness & Mutations

You are very small and have problems with some larger weapons.
You are too small for most types of armour.
You have supernaturally acute eyesight. (SInv)
You are a herbivore.
You cover ground extremely quickly.
You need to consume almost no food.


Message History

Press: ? - help, Shift-Dir - straight line, f - orc
Aim: an orc, wielding a +0 morningstar and wearing a +0 chain mail The bolt of acid hits the orc.
The orc is splashed with acid.
The acid corrodes the orc!
You kill the orc!
The bolt of acid hits the orc warrior.
The orc warrior is splashed with acid.
The acid corrodes the orc warrior!
The orc warrior is heavily wounded.
The bolt of acid hits the orc wizard.
The orc wizard is splashed with acid.
You kill the orc wizard!
You hit the orc warrior.
The orc warrior is poisoned.
The orc warrior is severely wounded.
You closely miss the orc warrior.
The orc warrior is severely wounded.
The orc warrior hits you with a +0 flail!
* * * LOW HITPOINT WARNING * * *
You kill the orc warrior!
You hit the orc but do no damage.
The orc is poisoned.
The orc hits you with a +0 morningstar!
You die...

################### #######
#.........).......# #......
#.##.#####.######.###.#####
#.##.# #.######..........
#.##.#####............#####
#.##.#....................#
#######.##.#.###.####....######.#
#§§§§§..##>#.# #@# #..#.# #.#
#§#####....#.# #o# #....# #.# #§#
#.####.# #o# #..### #.# #§# #.#
#.# #.####..# #.# #§# #.# #.#
#.......# #.# #§# #.#
#.###.####..# #.. #># #.#
#......)oo..# ### #.# #.#
##.#..####.## #.# #.#...≈.≈..#
#.#


You could see 2 orcs.

Vanquished Creatures
  Grinder (D:3)
  Duvessa (D:4)
  An orc warrior (D:6)
  Purgy (D:4)
  2 phantoms
  A sky beast (D:4)
  A gnoll sergeant (D:4)
  Dowan (D:4)
  A scorpion (D:5)
  4 wights (D:6)
  A howler monkey (D:5)
  2 hounds
  An orc priest (D:5)
  Ijyb (D:3)
  Jessica (D:2)
  An iguana (D:5)
  Terence (D:3)
  2 orc wizards
  2 worker ants
  Robin (D:2)
  6 adders
  An ooze (D:1)
  2 worms (D:3)
  A dart slug (D:2)
  2 leopard geckos
  12 orcs
  7 giant cockroaches
  12 goblins
  8 hobgoblins
  19 jackals
  2 quokkas
  4 ball pythons (D:4)
  4 bats (D:1)
  6 frilled lizards
  A jackal skeleton (D:4)
  7 kobolds
  A quokka skeleton (D:5)
  4 rats
126 creatures vanquished.

Notes
Turn   | Place    | Note
-------+----------+-------------------------------------------
     0 | D:1      | KristoblXynda the Spriggan Rogue began the quest for the
                  | Orb.
     0 | D:1      | Reached XP level 1. HP: 10/10 MP: 3/3
   294 | D:1      | Reached XP level 2. HP: 14/15 MP: 3/5
   860 | D:2      | Noticed Jessica
   863 | D:2      | Killed Jessica
   863 | D:2      | Reached skill level 7 in Stealth
   863 | D:2      | Reached XP level 3. HP: 18/18 MP: 6/6
  1031 | D:2      | Found a faded altar of an unknown god.
  1101 | D:2      | Found a burning altar of Makhleb.
  1101 | D:2      | Noticed a balrug
  1268 | D:2      | Reached XP level 4. HP: 15/23 MP: 7/7
  1486 | D:3      | Noticed Robin
  1783 | D:2      | Killed Robin
  2273 | D:3      | Reached XP level 5. HP: 10/27 MP: 9/9
  2668 | D:3      | Noticed Grinder
  2690 | D:3      | Killed Grinder
  2690 | D:3      | Reached skill level 8 in Stealth
  2690 | D:3      | Reached skill level 5 in Evocations
  2690 | D:3      | Reached XP level 6. HP: 11/32 MP: 10/10
  3072 | D:3      | Noticed Ijyb
  3137 | D:3      | Killed Ijyb
  3297 | D:3      | Noticed Terence
  3306 | D:3      | Killed Terence
  3306 | D:3      | Reached skill level 5 in Short Blades
  3318 | D:3      | Reached XP level 7. HP: 28/36 MP: 12/12
  4269 | D:4      | Reached skill level 9 in Stealth
  4524 | D:4      | Found Ciymp's Assorted Antiques.
  4524 | D:4      | Noticed Duvessa
  4546 | D:4      | Noticed Purgy
  4575 | D:4      | Killed Purgy
  4575 | D:4      | Reached skill level 1 in Dodging
  4768 | D:4      | Noticed Dowan
  4772 | D:4      | Killed Duvessa
  4772 | D:4      | Reached XP level 8. HP: 33/42 MP: 13/13
  4773 | D:4      | Killed Dowan
  5376 | D:5      | Entered Level 5 of the Dungeon
  5588 | D:5      | Found a bloodstained altar of Trog.
  5589 | D:5      | Found a glowing golden altar of the Shining One.
  5594 | D:5      | Found a corrupted altar of Lugonu.
  5596 | D:5      | Found a burning altar of Makhleb.
  5596 | D:5      | Found an ancient bone altar of Kikubaaqudgha.
  5598 | D:5      | Found a shadowy altar of Dithmenos.
  5636 | D:5      | Found a shattered altar of Ashenzari.
  5662 | D:5      | Became a worshipper of Ashenzari the Shackled
  5719 | D:5      | Reached skill level 10 in Stealth
  6727 | D:6      | Slain by an orc

Skill      XL: |  1  2  3  4  5  6  7  8 |
---------------+-------------------------+-----
Evocations     | 3 4 5 6 7 |  7.5
Fighting       | 2 3 4 |  4.7
Short Blades   | 3 4 5 6 |  6.0
Stealth        | 7 8 9 10 | 10.4
Dodging        | 2 4 |  4.7

Action                   |  1- 3 |  4- 6 |  7- 9 || total
-------------------------+-------+-------+-------++-------
Melee: Dagger            |    89 |   179 |   214 ||   482
       Unarmed           |       |     2 |       ||     2
 Fire: Blowgun           |       |     8 |     2 ||    10
Invok: Curse Item        |       |       |     1 ||     1
Evoke: Wand              |       |     1 |    20 ||    21
  Use: Scroll            |       |     4 |     8 ||    12
 Stab: Sleeping          |     9 |     6 |    12 ||    27
       Distracted        |       |     2 |       ||     2
  Eat: Ration            |       |       |     1 ||     1
Armor: Robe              |    16 |    25 |    18 ||    59
Dodge: Dodged            |    65 |    85 |   122 ||   272
